 Dungeon Crawl Stone Soup version 0.26.0-7-g794d0892b4 (webtiles) character file.

Game seed: 15787902094800724622

84 trckry the Conjurer (level 4, -19/22 HPs)
             Began as a Vine Stalker Conjurer on Jan 10, 2021.
             Killed from afar by Ijyb (27 damage)
             ... with a bolt of acid
             ... on level 3 of the Dungeon.
             The game lasted 00:04:40 (2625 turns).

trckry the Conjurer (Vine Stalker Conjurer)         Turns: 2625, Time: 00:04:40

Health: -19/22     AC: -2    Str:  9    XL:     4   Next: 45%
Magic:  0/9        EV: 12    Int: 19    God:
Gold:   106        SH:  0    Dex: 13    Spells: 5/8 levels left

rFire    . . .     SeeInvis .   (no weapon)
rCold    . . .     Faith    .   (no shield)
rNeg     . . .     Spirit   +   a - +0 robe
rPois    .         Reflect  .   (no helmet)
rElec    .         Harm     +   j - scarf {harm}
rCorr    .         Rampage  .   (no gloves)
Will     .....                  (no boots)
Stlth    ++........             (no amulet)
HPRegen  0.47/turn              (no ring)
MPRegen  0.11/turn              (no ring)

@: corroded
A: fangs 2, regeneration 1, magic shield, antimagic bite, no potion heal 3
a: no special abilities


You were on level 3 of the Dungeon.
You visited 1 branch of the dungeon, and saw 3 of its levels.

You collected 106 gold pieces.

Inventory:

Missiles
 c - 6 poisoned darts (quivered)
 h - 6 silver boomerangs
Armour
 a - a +0 robe (worn)
 j - a scarf of harm (worn)
Scrolls
 d - 2 scrolls of fog {unknown}
 k - 2 scrolls of remove curse {unknown}
 n - 3 scrolls of blinking {unknown}
 o - a scroll of noise {unknown}
 q - a scroll of enchant weapon {unknown}
Potions
 b - 4 potions of curing {unknown}
 e - 2 potions of resistance {unknown}
 f - 2 potions of brilliance {unknown}
 g - a potion of might {unknown}
 i - a potion of mutation {unknown}
 l - a potion of degeneration {unknown}
 m - a potion of haste {unknown}
 p - 2 potions of heal wounds {unknown}
 r - a potion of magic {unknown}


   Skills:
 + Level 1.3 Fighting
 + Level 2.1 Dodging
 - Level 2.4 Stealth
 + Level 2.8 Spellcasting
 * Level 4.8 Conjurations


You had 5 spell levels left.
You knew the following spells:

 Your Spells              Type           Power        Failure   Level
a - Magic Dart            Conj           80%          2%          1
b - Searing Ray           Conj           40%          3%          2

Your spell library contained the following spells:

 Spells                   Type           Power        Failure   Level
 Dazzling Flash           Conj/Hex       22%          17%         3
 Fulminant Prism          Conj/Hex       5%           50%         4
 Iskenderun's Mystic Bla  Conj/Tloc      11%          50%         4


Dungeon Overview and Level Annotations

Branches:
Dungeon (3/15)

Altars:

Annotations:
D:3 Ijyb


Innate Abilities, Weirdness & Mutations

You have extremely sharp teeth.
Your natural rate of healing is unusually fast.
When hurt, damage is shared between your health and your magic reserves.
Your bite disrupts and absorbs the magic of your enemies.
Potions cannot restore your health.


Message History

Confirm with . or Enter, or press ? or * to list all spells.
Aiming: Searing Ray (safe; 3% risk of failure)
Press: ? - help, Shift-Dir - straight line, f - Ijyb
Aim: Ijyb, wearing a +0 scale mail and carrying a wand of acid (6) (asleep, 0% to evade)
The searing ray hits Ijyb.
Ijyb is lightly wounded.
Ijyb shouts! (Press . to maintain the ray.) Ijyb zaps a wand.
The bolt of acid hits you! The acid corrodes you!
You are splashed with acid!
Ouch! That really hurt!
* * * LOW HITPOINT WARNING * * *
Found 13 poisoned darts.
You see here 13 poisoned darts.
Casting: Searing Ray (safe; 3% risk of failure)
Confirm with . or Enter, or press ? or * to list all spells.
You don't have enough magic to cast that spell.
Ijyb zaps a wand.
The bolt of acid hits you!!
Ouch! That really hurt!
You die...

#######.# #.##.###.#.
........# #.........)
........###.##.######
###......##.# #
#.g....!....# #
#.#.....##### #
#(#.......# #
#.#######.########
#@# #.....<... #.#
########## #.# #.#
..# ###


You could see Ijyb.

Vanquished Creatures
  A gnoll (D:1)
  2 adders (D:2)
  2 dart slugs
  3 leopard geckos (D:1)
  10 hobgoblins
  5 jackals
  6 kobolds
  A ball python (D:2)
  3 bats
  3 frilled lizards
  4 goblins
  9 rats
49 creatures vanquished.

Notes
Turn   | Place    | Note
-------+----------+-------------------------------------------
     0 | D:1      | trckry the Vine Stalker Conjurer began the quest for the
                  | Orb.
     0 | D:1      | Reached XP level 1. HP: 9/9 MP: 4/4
   229 | D:1      | Reached XP level 2. HP: 14/14 MP: 4/6
   585 | D:1      | Learned a level 2 spell: Searing Ray
   713 | D:1      | Reached XP level 3. HP: 17/17 MP: 1/7
   953 | D:1      | Reached skill level 1 in Fighting
  1503 | D:2      | Gained mutation: Your natural rate of healing is unusually
                  | fast. [Vine Stalker growth]
  1503 | D:2      | Reached XP level 4. HP: 22/22 MP: 5/9
  2614 | D:3      | Noticed Ijyb
  2625 | D:3      | Killed from afar by Ijyb

Illustrated notes

Levels and vault maps discovered:
D:1:      psy_arrival_fountain, layout_basic
D:2:      layout_basic
D:3:      layout_loops_ring, elyvilon_altar_1, uniq_sigmund, uniq_terence,
          uniq_ijyb

Skill      XL: |  1  2  3 |
---------------+----------+-----
Fighting       | 1 |  1.3
Dodging        | 2 |  2.1
Stealth        | |  2.4
Spellcasting   | |  2.8
Conjurations   | |  4.8

Action                   |  1- 3 |  4- 6 || total
-------------------------+-------+-------++-------
Throw: Dart              |    11 |       ||    11
 Cast: Magic Dart        |    50 |    31 ||    81
       Searing Ray       |     5 |     3 ||     8
Armor: Robe              |     1 |     2 ||     3
Dodge: Dodged            |     7 |     1 ||     8
